 Dungeon Crawl Stone Soup version 0.30.1-11-g7821555f0a (webtiles) character file.

Game seed: 17073248141163117561

81 Peloso the Covered (level 4, -1/41 HPs)
             Began as a Minotaur Fighter on Jan 2, 2024.
             Slain by Pikel
             ... wielding a +1 whip of freezing
              (9 damage)
             ... on level 5 of the Dungeon.
             The game lasted 00:02:56 (1123 turns).

Peloso the Covered (Minotaur Fighter)               Turns: 1123, Time: 00:02:56

Health: -1/41      AC:  7    Str: 21    XL:     4   Next: 19%
Magic:  3/3        EV: 10    Int:  5    God:
Gold:   91         SH:  0    Dex: 11    Spells: 3/3 levels left

rFire   . . .        a - +0 long sword
rCold   . . .        (no shield)
rNeg    . . .        b - +0 scale mail
rPois   .            (helmet restricted)
rElec   .            (no cloak)
rCorr   .            (no gloves)
SInv    .            (no boots)
Will    .....        (no amulet) Stlth
                     (no ring)
HPRegen 0.26/turn    (no ring)
MPRegen 0.08/turn

%: no passive effects
@: no status effects
A: horns 2, retaliatory headbutt
a: no special abilities


You were on level 5 of the Dungeon.
You visited 1 branch of the dungeon, and saw 4 of its levels.

You collected 91 gold pieces.

Inventory:

Hand Weapons
 a - a +0 long sword (weapon)
Armour
 b - a +0 scale mail (worn)
 c - a +0 buckler
Jewellery
 g - an amulet of guardian spirit
 i - a +5 ring of evasion
Scrolls
 e - a scroll of identify {unknown}
 f - a scroll of noise {unknown}
 h - a scroll of enchant armour {unknown}
 j - 2 scrolls of vulnerability {unknown}
 k - a scroll of fear {unknown}


   Skills:
 + Level 4.4 Fighting
 + Level 3.1 Long Blades
 + Level 4.4 Armour
 + Level 0.8 Dodging
 + Level 4.2 Shields


You had 3 spell levels left.
You didn't know any spells.
Your spell library was empty.

Dungeon Overview and Level Annotations

Branches:
Dungeon (5/15)
 Temple: D:4-7

Altars:
Dithmenos

Shops:
D:1 [

Annotations:
D:5 Pikel


Innate Abilities, Weirdness & Mutations

You have a pair of horns on your head.
You reflexively headbutt those who attack you in melee.


Message History

You fall into a shaft and drop 2 floors!
The shaft crumbles and collapses.
Found an escape hatch in the ceiling.
Found a shadowy altar of Dithmenos.
Found 3 large rocks.
You open the door.
Found a stone staircase leading down.
There is an open door here.
Found a ring mail.
Pikel, 3 lemures and an iguana come into view.
Pikel is wielding a +1 whip of freezing, wearing a +1 robe of willpower and carrying a wand of roots (3).
Found a scale mail.
Pikel shouts!
The lemure shouts! x3; The iguana hisses angrily.
A lemure comes into view.
The lemure moves out of view.
You aren't carrying any potions.
Unknown command.
Pikel zaps a wand.
The roots erupt in riotous growth!
The grasping roots grab you! The grasping roots constrict you!
You hear a shout! x2
Unknown command.
The grasping roots constrict you!
Unknown command.
You slash Pikel! You headbutt Pikel.
Pikel is moderately wounded.
Pikel hits you with a +1 whip of freezing.
Pikel freezes you. The grasping roots constrict you!
You closely miss Pikel.
Pikel is moderately wounded.
Pikel hits you with a +1 whip of freezing.
Pikel freezes you.
* * * LOW HITPOINT WARNING * * *
The grasping roots constrict you.
* * * LOW HITPOINT WARNING * * *
The grasping roots release their grip on you.
You closely miss Pikel. Your headbutt misses Pikel.
Pikel is moderately wounded.
Pikel hits you with a +1 whip of freezing!
You die...

.. ...# #. #..#
[ ##.. #..# ..
..... #..# ...
......##..##.5..
.......[55...5..
.......l5...5..
#.. #K#
##..###@#
#....>..#
#.......#
#.......#
######..#
##'############.
#............(..
+...............
##....##...#.###


You could see Pikel, 3 lemures and an iguana.

Vanquished Creatures
  4 adders (D:2)
  A dart slug (D:2)
  4 ball pythons
  3 bats
  2 endoplasms
  2 giant cockroaches (D:2)
  5 goblins
  6 hobgoblins
  3 jackals (D:2)
  5 kobolds
  A quokka (D:2)
  A frilled lizard (D:2)
  3 rats
40 creatures vanquished.

Notes
Turn   | Place    | Note
-------+----------+-------------------------------------------
     0 | D:1      | Peloso the Minotaur Fighter began the quest for the Orb.
     0 | D:1      | Reached XP level 1. HP: 19/19 MP: 0/0
   120 | D:1      | Reached XP level 2. HP: 25/27 MP: 1/1
   370 | D:1      | Found Wiput's Antique Armour Shoppe.
   426 | D:2      | Reached XP level 3. HP: 31/33 MP: 2/2
   484 | D:2      | Found the crystal ball of Wucad Mu {*channel}
   862 | D:2      | Reached XP level 4. HP: 40/41 MP: 3/3
  1090 | D:3      | You fall into a shaft and drop 2 floors!
  1090 | D:5      | Entered Level 5 of the Dungeon
  1091 | D:5      | Found a shadowy altar of Dithmenos.
  1116 | D:5      | Noticed Pikel
  1116 | D:5      | Noticed a lemure
  1116 | D:5      | Noticed a lemure
  1116 | D:5      | Noticed a lemure
  1116 | D:5      | Noticed a lemure
  1123 | D:5      | Slain by Pikel

Illustrated notes

Levels and vault maps discovered:
D:1:      giann_horns, layout_rooms, serial_shops, shop
D:2:      layout_basic, palyth_stone_intersect, minmay_octomino_j4
D:3:      layout_rooms, mainiacjoe_overflow_brackets,
          lemuel_zombie_altar_yredelemnul,
          shapermc_ecumenical_altar_starsandcircs, minivault_25
D:5:      layout_gridville, lemuel_tele_altar, nicolae_dithmenos_the_darkroom,
          serial_shops, shop, uniq_ijyb, uniq_pikel, uniq_prince_ribbit1,
          uniq_sigmund

Skill      XL: |  1  2  3 |
---------------+----------+-----
Armour         | 4 |  4.4
Shields        | 4 |  4.2
Fighting       | 4 |  4.4
Long Blades    | 3 |  3.1
Dodging        | |  0.8

Action                     |  1- 3 |  4- 6 || total
---------------------------+-------+-------++-------
  Melee: Long sword        |    80 |    10 ||    90
         Headbutt          |    11 |     1 ||    12
    Use: Potion            |     2 |     1 ||     3
 Armour: Scale mail        |    52 |     5 ||    57
  Dodge: Dodged            |    36 |     4 ||    40
  Block: Buckler           |    18 |       ||    18
